 Dungeon Crawl Stone Soup version 0.26.1-2-gb8aa6d0cf2 (webtiles) character file.

Game seed: 190223437685001684

164 Gadfly the Skirmisher (level 5, -12/50 (54) HPs)
             Began as an Ogre Monk on Feb 13, 2021.
             Mangled by a gnoll
             ... wielding a +0 halberd
              (16 damage)
             ... on level 3 of the Dungeon.
             The game lasted 00:05:31 (3617 turns).

Gadfly the Skirmisher (Ogre Monk)                   Turns: 3617, Time: 00:05:32

HP:   -12/50 (54)   AC:  3    Str: 16    XL:     5   Next: 45%
MP:   6/6           EV: 10    Int: 11    God:
Gold: 225           SH:  0    Dex: 11    Spells: 4/4 levels left

rFire    . . .     SeeInvis .   b - +4 long sword (freeze)
rCold    . . .     Faith    .   (no shield)
rNeg     . . .     Spirit   .   i - +0 robe
rPois    +         Reflect  .   (helmet restricted)
rElec    .         Harm     .   (no cloak)
rCorr    .         Rampage  .   (gloves unavailable)
Will     .....                  (boots unavailable)
Stlth    ++........             (no amulet)
HPRegen  0.16/turn              l - ring of poison resistance
MPRegen  0.10/turn              (no ring)

@: lethally poisoned (-12 -> -14), drained
A: large, unfitting armour, tough skin 1
a: no special abilities


You were on level 3 of the Dungeon.
You visited 1 branch of the dungeon, and saw 4 of its levels.

You collected 225 gold pieces.

Inventory:

Hand Weapons
 a - a +0 flail
 b - a +4 long sword of freezing (weapon)
 j - a +0 morningstar
Missiles
 g - 12 boomerangs (quivered)
Armour
 i - a +0 robe (worn)
Jewellery
 l - a ring of poison resistance (left hand)
Scrolls
 c - a scroll of teleportation
 e - a scroll of fog
 h - 3 scrolls of remove curse
Potions
 d - 2 potions of curing
 f - a potion of haste


   Skills:
 - Level 4.0 Fighting
 + Level 3.0 Maces & Flails
 * Level 2.1 Throwing
 * Level 1.6 Armour
 - Level 2.6 Dodging
 - Level 1.4 Stealth
 * Level 2.2 Invocations
 * Level 1.8 Evocations


You had 4 spell levels left.
You didn't know any spells.
Your spell library was empty.

Dungeon Overview and Level Annotations

Branches:
Dungeon (4/15)
 Temple: D:4-7

Altars:
Dithmenos


Innate Abilities, Weirdness & Mutations

You are too large for most types of armour.
You have tough skin. (AC +1)


Message History

The gnoll barely misses you.
You riposte.
You hit the gnoll. You freeze the gnoll.
The gnoll is heavily wounded.
The adder bites you but does no damage. The gnoll misses you.
You climb upwards.
There is a stone staircase leading down here.
You barely miss the adder.
You feel sick. The adder bites you.
The gnoll hits you with a +2 flail of draining!
* * * LOW HITPOINT WARNING * * *
You feel drained.
* * * LOW HITPOINT WARNING * * *
The gnoll closely misses you.
You riposte.
You closely miss the gnoll. The adder closely misses you.
You riposte.
You closely miss the adder.
Okay, then.
Okay, then.
The adder bites you.
* * * LOW HITPOINT WARNING * * *
The gnoll closely misses you.
The gnoll hits you from afar with a +0 halberd!
You die...

#.# ##......#.#)######
#.# #.......#.#.......
#.#####.......#.#.##....
#.#.............#.......
#.###.#.......#####.....
#.# #.#.......+.........
#.# #.#..g....####......
#.# #.#g>...............
#.# #.#@S#######.#...###
#.# #.#.......)........†
##.###[##########...#.##.
#......................'.
######.##########.#...##.
#......# #.....#...##.
#.#.##.# #.#....<..##.
#.#.##.###.###.#...##.
#.#.#.)............##.


You could see 2 gnolls and an adder.

Vanquished Creatures
  An orc priest (D:3)
  A worker ant (D:3)
  2 adders
  3 oozes
  3 worms (D:2)
  6 dart slugs
  A leopard gecko (D:2)
  4 orcs (D:3)
  A ball python (D:1)
  4 bats
  2 giant cockroaches
  6 goblins
  5 hobgoblins
  4 jackals
  3 kobolds
  4 frilled lizards
  8 rats
58 creatures vanquished.

Notes
Turn   | Place    | Note
-------+----------+-------------------------------------------
     0 | D:1      | Gadfly the Ogre Monk began the quest for the Orb.
     0 | D:1      | Reached XP level 1. HP: 24/24 MP: 1/1
   199 | D:1      | Reached XP level 2. HP: 28/32 MP: 2/2
   480 | D:1      | You fall into a shaft and drop 1 floor!
   770 | D:1      | Reached skill level 1 in Invocations
   921 | D:1      | Reached XP level 3. HP: 37/39 MP: 3/3
   957 | D:1      | Reached skill level 1 in Evocations
  1494 | D:2      | Reached skill level 1 in Throwing
  1593 | D:2      | Reached skill level 1 in Armour
  1746 | D:2      | Found a shadowy altar of Dithmenos.
  1965 | D:2      | Reached XP level 4. HP: 28/48 MP: 5/5
  2950 | D:3      | Reached XP level 5. HP: 39/54 MP: 6/6
  3617 | D:3      | Mangled by a gnoll

Illustrated notes

Levels and vault maps discovered:
D:1:      giann_wishing_wells, layout_basic, minmay_stone_trees_medium,
          minmay_pentomino_z4
D:2:      layout_rooms, nicolae_dithmenos_shadow_blocks
D:3:      layout_basic, grunt_decor_mini_mirrors, minmay_misc_feat_four_crosses,
          grunt_ministairs_4
D:4:      layout_cave_pools, minmay_temple_entry_butterflies, st_stairs_2,
          minmay_misc_feat_rugged, minmay_misc_feat_rows, fountainhead,
          grunt_qazlal_clouds

Skill      XL: |  1  2  3  4  5 |
---------------+----------------+-----
Invocations    | 1 2 |  2.2
Evocations     | 1 |  1.8
Throwing       | 1 2 |  2.1
Armour         | 1 |  1.6
Maces & Flails | 3 |  3.0
Fighting       | |  4.0
Dodging        | |  2.6
Stealth        | |  1.4

Action                   |  1- 3 |  4- 6 || total
-------------------------+-------+-------++-------
Melee: Mace              |   100 |    19 ||   119
       Flail             |       |    39 ||    39
       Long sword        |       |    20 ||    20
Throw: Boomerang         |    25 |    12 ||    37
  Use: Scroll            |     7 |     2 ||     9
       Potion            |       |     3 ||     3
Armor: Robe              |    29 |    17 ||    46
       Skin              |       |    11 ||    11
Dodge: Dodged            |    49 |    47 ||    96
       Rpst.: Long sword |       |     8 ||     8
